BR (22 & UNDER)
ALABAMA SHAKES @ OTTAWA FAT CATS
07/20/2028
 
TOP OF THE 1ST
Alabama Shakes batting - Pitching for Ottawa Fat Cats : RHP Bill Bowen
Pitching: RHP Bill Bowen
Batting: RHB Bruce Adams 0-0: Ground out 5-3 (Groundball, 5S)
Batting: SHB Esteban Aliaga 0-0: Ball
1-0: Ball
2-0: Called Strike
2-1: Fly out, F7 (Flyball, 7LMF)
Batting: RHB Michael Scott 0-0: Ball
1-0: Fly out, F5 (Line Drive, 56)
Top of the 1st over - 0 run(s), 0 hit(s), 0 error(s), 0 left on base; Alabama 0 - Ottawa 0
BOTTOM OF THE 1ST
Ottawa Fat Cats batting - Pitching for Alabama Shakes : RHP Manny Campos
Pitching: RHP Manny Campos
Batting: RHB Roberto Rodríguez 0-0: Called Strike
0-1: Ball
1-1: Ball
2-1: Fly out, F6 (Line Drive, 6)
Batting: LHB Wayne Rogers 0-0: Called Strike
0-1: Swinging Strike
0-2: Ball
1-2: Ball
2-2: Ball
3-2: Strikes out looking
Batting: RHB Manny Velásquez 0-0: Ball
1-0: Ball
2-0: Foul Ball, location: 2F
2-1: Called Strike
2-2: Ball
3-2: Base on Balls
Batting: LHB Manuel Ortega 0-0: Called Strike
0-1: Ball
1-1: Ball
2-1: Ball
3-1: Base on Balls
Manny Velásquez to second
Batting: RHB Rudy Boyd 0-0: Fly out, F8 (Flyball, 8RD)
Bottom of the 1st over - 0 run(s), 0 hit(s), 0 error(s), 2 left on base; Alabama 0 - Ottawa 0
TOP OF THE 2ND
Alabama Shakes batting - Pitching for Ottawa Fat Cats : RHP Bill Bowen
Batting: LHB Edgardo Molina 0-0: Foul Ball, location: 2F
0-1: Called Strike
0-2: Strikes out swinging
Batting: RHB Troy Johnson 0-0: Swinging Strike
0-1: Ball
1-1: Fly out, F1 (Line Drive, 13)
Batting: SHB Artie Adams 0-0: Fly out, F7 (Flyball, 7LM)
Top of the 2nd over - 0 run(s), 0 hit(s), 0 error(s), 0 left on base; Alabama 0 - Ottawa 0
BOTTOM OF THE 2ND
Ottawa Fat Cats batting - Pitching for Alabama Shakes : RHP Manny Campos
Batting: RHB Daniel Quintana 0-0: DOUBLE (Line Drive, 78M)
Batting: RHB Dennis Kelly 0-0: Foul Ball, location: 2F
0-1: Called Strike
0-2: Ball
1-2: Ball
2-2: Ground out 4-3 (Groundball, 34)
Daniel Quintana to third
Batting: RHB Santiago Díaz 0-0: Called Strike
0-1: Called Strike
0-2: Ball
1-2: Ball
2-2: Strikes out swinging
Batting: RHB José Vega 0-0: Ball
1-0: Called Strike
1-1: Foul Ball, location: 2F
1-2: Strikes out swinging
Bottom of the 2nd over - 0 run(s), 1 hit(s), 0 error(s), 1 left on base; Alabama 0 - Ottawa 0
TOP OF THE 3RD
Alabama Shakes batting - Pitching for Ottawa Fat Cats : RHP Bill Bowen
Batting: RHB Seth O'Toole 0-0: Fly out, F6 (Popup, 5D)
Batting: RHB Joe Farrell 0-0: Called Strike
0-1: Ball
1-1: Ball
2-1: Ball
3-1: Foul Ball, location: 2F
3-2: Strikes out swinging
Batting: RHB Eugene Fisher 0-0: Ball
1-0: Called Strike
1-1: Ground out 5-3 (Groundball, 5)
Top of the 3rd over - 0 run(s), 0 hit(s), 0 error(s), 0 left on base; Alabama 0 - Ottawa 0
BOTTOM OF THE 3RD
Ottawa Fat Cats batting - Pitching for Alabama Shakes : RHP Manny Campos
Batting: RHB Roberto Rodríguez 0-0: Ball
1-0: Swinging Strike
1-1: SINGLE (Flyball, 9LM)
Batting: LHB Wayne Rogers 0-0: Ball
1-0: Called Strike
1-1: Foul Ball, location: 2F
1-2: Ball
2-2: Ball
3-2: Foul Ball, location: 2F
3-2: SINGLE (Groundball, 34D)
Roberto Rodríguez to second
Runner from 2nd tries for 3rd, SAFE, throw made to third
Batting: RHB Manny Velásquez 0-0: SINGLE (Flyball, 6MD)
Roberto Rodríguez scores
Wayne Rogers to second
Batting: LHB Manuel Ortega 0-0: Called Strike
0-1: Grounds into double play, 4-6-3 (Groundball, 4)
Wayne Rogers to third
Batting: RHB Rudy Boyd 0-0: Called Strike
0-1: Foul Ball, location: 2F
0-2: Ground out 6-3 (Groundball, 56)
Bottom of the 3rd over - 1 run(s), 3 hit(s), 0 error(s), 1 left on base; Alabama 0 - Ottawa 1
TOP OF THE 4TH
Alabama Shakes batting - Pitching for Ottawa Fat Cats : RHP Bill Bowen
Batting: RHB Bruce Adams 0-0: Foul Ball, location: 2F
0-1: Foul Ball, location: 2F
0-2: Strikes out swinging
Batting: SHB Esteban Aliaga 0-0: Called Strike
0-1: Foul Ball, location: 2F
0-2: Ground out 1-3 (Groundball, 13S)
Batting: RHB Michael Scott 0-0: Ball
1-0: Swinging Strike
1-1: Ground out 5-3 (Groundball, 56)
Top of the 4th over - 0 run(s), 0 hit(s), 0 error(s), 0 left on base; Alabama 0 - Ottawa 1
BOTTOM OF THE 4TH
Ottawa Fat Cats batting - Pitching for Alabama Shakes : RHP Manny Campos
Batting: RHB Daniel Quintana 0-0: Ball
1-0: Bunt for hit - play at first, batter OUT! 1-3
Batting: RHB Dennis Kelly 0-0: Called Strike
0-1: Called Strike
0-2: Hit by Pitch
Batting: RHB Santiago Díaz 0-0: Swinging Strike
0-1: Single, Error in OF, E7, batter to second base
Dennis Kelly to third
Batting: RHB José Vega 0-0: Ball
1-0: Ball
2-0: Called Strike
2-1: 3-RUN HOME RUN (Flyball, 78XD), Distance : 417 ft
Batting: RHB Roberto Rodríguez 0-0: Ground out 4-3 (Groundball, 4M)
Batting: LHB Wayne Rogers 0-0: Ground out 5-3 (Groundball, 56)
Bottom of the 4th over - 3 run(s), 2 hit(s), 1 error(s), 0 left on base; Alabama 0 - Ottawa 4
TOP OF THE 5TH
Alabama Shakes batting - Pitching for Ottawa Fat Cats : RHP Bill Bowen
Batting: LHB Edgardo Molina 0-0: Called Strike
0-1: Called Strike
0-2: Ball
1-2: Fly out, F8 (Flyball, 78S)
Batting: RHB Troy Johnson 0-0: Ball
1-0: Called Strike
1-1: Foul Ball, location: 2F
1-2: Ground out 6-3 (Groundball, 6)
Batting: SHB Artie Adams 0-0: Called Strike
0-1: Ball
1-1: Swinging Strike
1-2: Ball
2-2: Strikes out swinging
Top of the 5th over - 0 run(s), 0 hit(s), 0 error(s), 0 left on base; Alabama 0 - Ottawa 4
BOTTOM OF THE 5TH
Ottawa Fat Cats batting - Pitching for Alabama Shakes : RHP Manny Campos
Batting: RHB Manny Velásquez 0-0: Called Strike
0-1: SINGLE (Flyball, 78S)
Batting: LHB Manuel Ortega 0-0: Ball
1-0: Swinging Strike
1-1: 2-RUN HOME RUN (Flyball, 9D), Distance : 366 ft
Batting: RHB Rudy Boyd 0-0: Fly out, F5 (Line Drive, 56)
Batting: RHB Daniel Quintana 0-0: Ground out 6-3 (Groundball, 6M)
Batting: RHB Dennis Kelly 0-0: Ball
1-0: Ball
2-0: Called Strike
2-1: Called Strike
2-2: Reached on error, E6 (Groundball, 56)
Batting: RHB Santiago Díaz 0-0: Called Strike
0-1: Ball
1-1: Ball
2-1: Fielders Choice at 2nd, 4-6 (Groundball, 4)
Bottom of the 5th over - 2 run(s), 2 hit(s), 1 error(s), 0 left on base; Alabama 0 - Ottawa 6
TOP OF THE 6TH
Alabama Shakes batting - Pitching for Ottawa Fat Cats : RHP Bill Bowen
Batting: RHB Seth O'Toole 0-0: Foul Ball, location: 2F
0-1: Ball
1-1: Swinging Strike
1-2: Strikes out swinging
Batting: RHB Joe Farrell 0-0: Ball
1-0: Swinging Strike
1-1: Fly out, F7 (Flyball, 7)
Batting: RHB Eugene Fisher 0-0: Ground out 5-3 (Groundball, 56)
Top of the 6th over - 0 run(s), 0 hit(s), 0 error(s), 0 left on base; Alabama 0 - Ottawa 6
BOTTOM OF THE 6TH
Ottawa Fat Cats batting - Pitching for Alabama Shakes : RHP Manny Campos
Pitching: RHP Leonard Clements
Batting: RHB José Vega 0-0: Called Strike
0-1: Ball
1-1: Called Strike
1-2: Foul Ball, location: 2F
1-2: Ground out 4-3 (Groundball, 34D)
Batting: RHB Roberto Rodríguez 0-0: Ball
1-0: Ball
2-0: Ball
3-0: Called Strike
3-1: Swinging Strike
3-2: Strikes out swinging
Batting: LHB Wayne Rogers 0-0: Called Strike
0-1: Ball
1-1: Swinging Strike
1-2: SINGLE (Line Drive, 56D)
Batting: RHB Manny Velásquez 0-0: Ball
Wayne Rogers steals 2nd base
1-0: Foul Ball, location: 2F
1-1: Fly out, F4 (Popup, 4)
Bottom of the 6th over - 0 run(s), 1 hit(s), 0 error(s), 1 left on base; Alabama 0 - Ottawa 6
TOP OF THE 7TH
Alabama Shakes batting - Pitching for Ottawa Fat Cats : RHP Bill Bowen
Batting: RHB Bruce Adams 0-0: Ball
1-0: Ball
2-0: SINGLE (Line Drive, 6D)
Batting: SHB Esteban Aliaga 0-0: Ball
1-0: Called Strike
1-1: Foul Ball, location: 2F
1-2: Strikes out swinging
Batting: RHB Michael Scott 0-0: Foul Ball, location: 2F
0-1: Ball
1-1: Ball
2-1: Fielders Choice at 2nd, 5-4 (Groundball, 5)
Batting: LHB Edgardo Molina 0-0: Ball
1-0: Called Strike
1-1: Called Strike
1-2: SINGLE (Flyball, 8LS)
Michael Scott to second
Michael Scott to third
Batting: RHB Troy Johnson 0-0: Called Strike
0-1: SINGLE (Groundball, 56D)
Michael Scott scores
Edgardo Molina to second
Batting: SHB Artie Adams 0-0: Ball
1-0: Called Strike
1-1: SINGLE (Groundball, 4MD)
Edgardo Molina to third
Troy Johnson to second
Batting: RHB Seth O'Toole 0-0: Called Strike
0-1: Foul Ball, location: 2F
0-2: Ball
1-2: Strikes out swinging
Top of the 7th over - 1 run(s), 4 hit(s), 0 error(s), 3 left on base; Alabama 1 - Ottawa 6
BOTTOM OF THE 7TH
Ottawa Fat Cats batting - Pitching for Alabama Shakes : RHP Leonard Clements
Batting: LHB Manuel Ortega 0-0: Ball
1-0: Ball
2-0: Called Strike
2-1: Ball
3-1: Fly out, F4 (Line Drive, 4)
Batting: RHB Rudy Boyd 0-0: Ball
1-0: Foul Ball, location: 2F
1-1: Swinging Strike
1-2: Ball
2-2: Foul Ball, location: 2F
2-2: Ball
3-2: Strikes out swinging
Batting: RHB Daniel Quintana 0-0: Called Strike
0-1: Foul Ball, location: 2F
0-2: Ball
1-2: Ball
2-2: Ball
3-2: Base on Balls
Batting: RHB Dennis Kelly 0-0: Called Strike
0-1: Called Strike
0-2: Foul Ball, location: 2F
0-2: Fielders Choice at 2nd, 6-4 (Groundball, 6)
Bottom of the 7th over - 0 run(s), 0 hit(s), 0 error(s), 0 left on base; Alabama 1 - Ottawa 6
TOP OF THE 8TH
Alabama Shakes batting - Pitching for Ottawa Fat Cats : RHP Bill Bowen
Now at 1B: James Morris
Now in LF: Manuel Díaz
Batting: RHB Joe Farrell 0-0: Foul Ball, location: 2F
0-1: Fly out, F5 (Popup, 5S)
Pitching: LHP Tim Burrell
Batting: RHB Eugene Fisher 0-0: Called Strike
0-1: Ball
1-1: Called Strike
1-2: Ball
2-2: Ball
3-2: Base on Balls
Batting: RHB Bruce Adams 0-0: Fielders Choice at 2nd, 6-4 (Groundball, 6)
Batting: SHB Esteban Aliaga 0-0: Foul Ball, location: 2F
0-1: Fielders Choice at 2nd, 6-4 (Groundball, 6)
Top of the 8th over - 0 run(s), 0 hit(s), 0 error(s), 0 left on base; Alabama 1 - Ottawa 6
BOTTOM OF THE 8TH
Ottawa Fat Cats batting - Pitching for Alabama Shakes : RHP Leonard Clements
Batting: RHB Santiago Díaz 0-0: Foul Ball, location: 2F
0-1: Swinging Strike
0-2: Ground out 5-3 (Groundball, 25)
Batting: RHB José Vega 0-0: Ground out 4-3 (Groundball, 4)
Batting: RHB Roberto Rodríguez 0-0: Ball
1-0: TRIPLE (Flyball, 9LM)
Batting: LHB Wayne Rogers 0-0: Called Strike
0-1: Ball
1-1: Foul Ball, location: 2F
1-2: Ball
2-2: Ball
3-2: Fly out, F9 (Flyball, 9S)
Bottom of the 8th over - 0 run(s), 1 hit(s), 0 error(s), 1 left on base; Alabama 1 - Ottawa 6
TOP OF THE 9TH
Alabama Shakes batting - Pitching for Ottawa Fat Cats : LHP Tim Burrell
Now at C: Ron West
Batting: RHB Michael Scott 0-0: Ball
1-0: Foul Ball, location: 2F
1-1: Foul Ball, location: 2F
1-2: Ball
2-2: Ball
3-2: Strikes out swinging
Batting: LHB Edgardo Molina 0-0: Called Strike
0-1: Ball
1-1: Foul Ball, location: 2F
1-2: Foul Ball, location: 2F
1-2: Ball
2-2: Ground out 6-3 (Groundball, 6M)
Batting: RHB Troy Johnson 0-0: Ball
1-0: Foul Ball, location: 2F
1-1: Ball
2-1: Swinging Strike
2-2: Ball
3-2: Ground out 5-3 (Groundball, 56S)
Top of the 9th over - 0 run(s), 0 hit(s), 0 error(s), 0 left on base; Alabama 1 - Ottawa 6
Tuesday, August 8th, 2017 - OOTP Baseball 17.12 Build 75